Map: Dusk Towers

Players

MorDka - Winner!

  • Race: Protoss Protoss
  • League: Master

Miszu

  • Race: Terran Terran
  • League: Master

VOD

Have the link to the VOD?

Description

Time

  • Played on: April 3, 2016, 7:20 a.m.
  • Length: 7:18
Show
View Real Time Build Order
Export as new Build Order

MorDka Protoss - Winner!

Build Orders: 1 Gate Expand 

Get SALT Encoding   

  12  0:01  Probe (Chrono Boost)  
  13  0:11  Probe (Chrono Boost)  
  14  0:18  Pylon  
  14  0:22  Probe (Chrono Boost)  
  15  0:36  Probe (Chrono Boost)  
  15  0:37  Gateway  
  16  0:42  Assimilator  
  16  0:47  Probe (Chrono Boost)  
  17  0:57  Probe (Chrono Boost)  
  18  1:08  Probe (Chrono Boost)  
  19  1:23  Nexus  
  19  1:34  Cybernetics Core  
  19  1:39  Probe (Chrono Boost)  
  20  1:45  Assimilator  
  20  1:49  Probe (Chrono Boost)  
  20  1:53  Pylon  
  21  2:02  Probe (Chrono Boost)  
  22  2:12  Stalker  
  22  2:13  Mothership Core (Chrono Boost)  
  26  2:19  Warp Gate  
  26  2:32  Probe (Chrono Boost)  
  26  2:37  Probe (Chrono Boost)  
  28  2:40  Robotics Facility  
  28  2:42  Probe (Chrono Boost)  
  29  2:47  Probe (Chrono Boost)  
  30  2:52  Stalker  
  30  2:55  Probe (Chrono Boost)  
  33  3:00  Probe (Chrono Boost)  
  34  3:06  Probe (Chrono Boost)  
  34  3:11  Pylon, Probe (Chrono Boost)  
  36  3:14  Assimilator  
  36  3:16  Probe (Chrono Boost)  
  37  3:22  Probe (Chrono Boost)  
  39  3:27  Probe (Chrono Boost)  
  39  3:30  Robotics Bay  
  39  3:33  Probe (Chrono Boost)  
  40  3:37  Probe (Chrono Boost)  
  41  3:42  Warp Prism (Chrono Boost), Probe (Chrono Boost)  
  44  3:48  Probe  
  44  3:53  Twilight Council  
  44  3:55  Probe  
  45  4:01  Probe  
  45  4:02  Pylon  
  47  4:05  Probe  
  48  4:12  Disruptor (Chrono Boost)  
  48  4:13  Pylon, Probe  
  52  4:18  Gravitic Drive (Chrono Boost)  
  52  4:20  Probe  
  52  4:23  Assimilator  
  53  4:25  Probe  
  54  4:32  Blink (Chrono Boost)  
  54  4:33  Probe  
  55  4:40  Probe  
  55  4:43  Stalker  
  58  4:46  Probe  
  58  4:48  Observer  
  60  4:55  Gateway  
  60  4:56  Gateway  
  60  4:57  Gateway  
  60  5:00  Pylon  
  60  5:04  Disruptor  
  60  5:05  Pylon  
  63  5:15  Gateway  
  63  5:20  Gateway  
  65  5:35  Stalker, Disruptor  
  68  5:47  Pylon  
  68  5:49  Pylon  
  68  5:57  Stalker  
  68  5:58  Stalker  
  72  6:04  Pylon  
  72  6:06  Pylon  
  72  6:10  Stalker x2  
  76  6:26  Stalker x4  
  76  6:31  Warp Prism  
  86  6:39  Stalker x2  
  90  6:47  Stalker x2  
  90  6:52  Pylon  
  94  6:54  Stalker x2  
Show
View Real Time Build Order
Export as new Build Order

Miszu Terran 

Build Orders: Command Center First (CC), MMM Bio 

Get SALT Encoding   

  12  0:00  SCV  
  13  0:13  SCV  
  14  0:19  Supply Depot  
  14  0:25  SCV  
  15  0:40  SCV  
  16  0:52  SCV  
  17  1:01  Command Center  
  17  1:04  SCV  
  18  1:21  Barracks, SCV  
  19  1:27  Barracks  
  19  1:34  SCV  
  20  1:40  Barracks  
  20  1:46  SCV  
  21  1:58  SCV  
  21  2:11  Marine, Orbital Command  
  21  2:14  Orbital Command  
  22  2:15  Marine  
  23  2:28  Marine  
  23  2:29  Marine  
  25  2:32  Refinery  
  25  2:33  Refinery, Marine  
  25  2:37  SCV  
  27  2:39  SCV  
  28  2:47  Marine  
  28  2:48  Supply Depot  
  28  2:50  SCV  
  30  2:52  Marine x2  
  30  2:56  Supply Depot  
  32  3:00  SCV  
  32  3:02  SCV  
  34  3:07  Barracks Tech Lab  
  34  3:10  Marine  
  34  3:12  SCV  
  36  3:14  SCV  
  36  3:17  Marine  
  38  3:24  SCV  
  38  3:26  Marine  
  40  3:27  Marine  
  40  3:30  Stimpack, SCV  
  42  3:35  Marine  
  42  3:36  SCV  
  42  3:39  Supply Depot  
  44  3:43  SCV  
  44  3:44  Marine  
  44  3:45  Marine  
  47  3:48  SCV  
  47  3:50  Factory  
  47  3:53  Marine  
  47  3:54  Refinery  
  47  3:55  SCV  
  50  3:58  Engineering Bay  
  50  4:00  SCV  
  50  4:02  Marine  
  52  4:07  SCV  
  53  4:12  SCV  
  54  4:17  Marine  
  54  4:19  SCV  
  54  4:22  Marine  
  58  4:25  Terran Infantry Weapons Level 1, SCV  
  58  4:29  Supply Depot  
  58  4:31  SCV  
  60  4:37  Barracks Reactor, Barracks Tech Lab, SCV, Factory Reactor  
  60  4:40  Starport  
  60  4:42  Missile Turret x2  
  60  4:43  SCV  
  61  4:49  SCV  
  61  4:51  Marauder  
  64  4:55  SCV  
  64  4:56  Marauder, Combat Shields  
  67  5:06  SCV  
  68  5:11  Refinery, SCV  
  68  5:12  Supply Depot  
  68  5:13  Marine  
  70  5:17  Liberator x2  
  70  5:22  Supply Depot  
  70  5:23  Supply Depot  
  70  5:31  Marine, Marauder, SCV  
  70  5:34  Marine, SCV  
  78  5:43  Marine, SCV  
  78  5:46  SCV  
  78  5:48  Marine  
  82  5:51  Supply Depot x2  
  82  5:56  SCV  
  78  5:58  SCV  
  78  6:01  Marine, Marauder x2  
  84  6:08  SCV  
  84  6:10  SCV  
  86  6:12  Supply Depot  
  86  6:14  Marine  
  86  6:17  Command Center  
  87  6:20  SCV  
  87  6:22  SCV  
  88  6:32  SCV  
  89  6:35  SCV  
  89  6:37  Medivac  
  89  6:38  Medivac  
  94  6:43  Barracks  
  94  6:44  Supply Depot, SCV  
  94  6:45  Barracks  
  94  6:47  SCV  
  96  6:53  Marine x2, Marauder  
  96  6:54  Marauder  
  102  6:56  SCV  
  102  6:58  Supply Depot  
  102  6:59  SCV  
Tags
 
Add a new tag
Caveats
  • Supply blocks, unpowered buildings, or Contaminate may cause inaccurate times.
  • Supply counts are checked every 10 seconds.